AoeStats
← 青山新雨 夜观星河

Arena

508209711Analyzed
4v4 RM · 12d ago on Sep 21, 2026· 50m 49s· 8 players
Game mode
Random Map
Map size
Large (8 player)
Population
200
Speed
Normal
Resources
Standard
Victory
Conquest
Starting age
Dark Age
Ending age
Imperial Age
RankedLock teamsTeams togetherTeam positionsShared explorationLock speedFull tech treeHidden civsTurbo modeCheats
Victory
Defeat
🇧🇷 Khmer · Brazil
1078
+18
🇷🇺 Slavs · Russia
1046
+19
🇪🇸 Huns · Spain
1014
+21
🇨🇱 Aztecs · Chile
961
+23
🇨🇳 Celts · China
1134
-21
🇨🇳 Wei · China
1131
-21
1123
-20
🇨🇳 Shu · China
1086
-19
青山新雨 夜观星河
10:35 Feudal Age
9:39 Loom
14:50 Castle Age
12:51 Double-Bit Axe
13:01 Horse Collar
21:11 Wheelbarrow
22:17 Heavy Plow
22:31 Bow Saw
23:02 Gold Mining
25:00 Gold Shaft Mining
25:37 Stone Mining
26:14 Hand Cart
27:12 Stone Shaft Mining
29:45 Imperial Age
28:53 Fletching
29:09 Scale Barding Armor
29:51 Ballistics
30:23 Bloodlines
30:16 Husbandry
31:21 Chain Barding Armor
30:57 Bodkin Arrow
30:49 Heavy Camel Rider
32:33 Chemistry
31:29 Murder Holes
33:03 Two-Man Saw
32:41 Plate Barding Armor
32:41 Conscription
34:22 Forging
34:13 Bracer
36:30 Fortified Wall
36:49 Shatagni
36:50 Grand Trunk Road
36:47 Imperial Camel Rider
38:04 Iron Casting
39:57 Blast Furnace
38:59 Padded Archer Armor
40:31 Light Cavalry
41:34 Leather Archer Armor
41:10 Hussar
44:22 Ring Archer Armor
45:06 Hoardings
1361331795
0:36 Loom
10:46 Feudal Age
15:48 Castle Age
14:57 Double-Bit Axe
16:07 Horse Collar
24:42 Heavy Plow
25:03 Bow Saw
26:10 Wheelbarrow
26:17 Stone Mining
26:18 Gold Mining
29:37 Imperial Age
27:37 Arson
28:26 Hand Cart
28:29 Scale Mail Armor
28:43 Forging
31:28 Iron Casting
31:08 Chain Mail Armor
30:39 Capped Ram
32:19 Chain Mail Armor
34:15 Blast Furnace
33:45 Plate Mail Armor
34:03 Conscription
34:45 Plate Mail Armor
35:25 Siege Ram
36:33 Elite Woad Raider
37:08 Pikeman
37:42 Halberdier
38:30 Heavy Scorpion
41:29 Fortified Wall
Antinomy
9:53 Feudal Age
10:30 Horse Collar
10:36 Double-Bit Axe
13:40 Loom
16:20 Castle Age
14:49 Gold Mining
15:37 Stone Mining
20:21 Bow Saw
22:01 Fervor
23:19 Heavy Plow
25:30 Wheelbarrow
25:35 Gold Shaft Mining
24:55 Loom
26:10 Stone Shaft Mining
30:38 Imperial Age
28:27 Scale Barding Armor
28:47 Bloodlines
29:03 Fortified Wall
28:49 Town Watch
29:39 Hand Cart
29:28 Murder Holes
29:45 Masonry
30:25 Tuntian
30:46 Husbandry
31:40 Chain Barding Armor
31:31 Forging
31:58 Conscription
32:19 Ming Guang Armor
33:51 Iron Casting
32:44 Elite Tiger Cavalry
35:58 Coinage
35:29 Caravan
36:35 Blast Furnace
36:15 Thumb Ring
36:31 Fletching
37:48 Bodkin Arrow
38:24 Ballistics
39:05 Chemistry
39:41 Padded Archer Armor
39:51 Bracer
42:51 Parthian Tactics
42:45 Leather Archer Armor
43:30 Treadmill Crane
44:41 Squires
46:43 Arson
47:18 Pikeman
大汉忠臣曹孟德
11:20 Feudal Age
15:20 Castle Age
13:26 Double-Bit Axe
16:12 Horse Collar
16:43 Bow Saw
18:01 Loom
22:22 Wheelbarrow
22:40 Town Watch
23:54 Hand Cart
23:52 Gold Mining
23:55 Stone Mining
26:46 Gold Shaft Mining
26:25 Fletching
26:36 Padded Archer Armor
29:41 Imperial Age
27:51 Thumb Ring
27:07 Crossbowman
27:45 Bodkin Arrow
29:16 Leather Archer Armor
29:57 Scale Mail Armor
30:08 Forging
30:07 Scale Barding Armor
30:25 Bracer
30:58 Ring Archer Armor
31:09 Guilds
31:58 Forging
32:05 Chain Mail Armor
32:52 Two-Man Saw
33:31 Conscription
33:00 Arbalester
34:04 Ballistics
36:11 Bolt Magazine
36:48 Plate Mail Armor
35:47 Capped Ram
38:11 Squires
37:56 Arson
37:32 Pikeman
khan061
10:48 Feudal Age
9:04 Loom
16:53 Castle Age
16:11 Double-Bit Axe
16:23 Horse Collar
18:42 Wheelbarrow
17:56 Town Watch
20:21 Bow Saw
24:18 Hand Cart
24:25 Stone Mining
24:29 Gold Mining
26:01 Forging
25:57 Scale Barding Armor
26:30 Marauders
27:16 Bloodlines
27:09 Husbandry
27:58 Loom
28:56 Gold Shaft Mining
29:48 Chain Barding Armor
31:43 Iron Casting
33:52 Imperial Age
32:12 Heavy Plow
36:09 Blast Furnace
37:16 Plate Barding Armor
36:58 Elite Tarkan
38:04 Conscription
39:25 Two-Man Saw
50:11 Caravan
Juan Carlos Bodoque
0:40 Loom
13:35 Feudal Age
19:40 Castle Age
18:16 Arson
19:00 Forging
18:51 Scale Mail Armor
18:51 Horse Collar
19:07 Double-Bit Axe
19:46 Town Watch
20:58 Wheelbarrow
20:59 Eagle Warrior
21:49 Squires
22:14 Fervor
24:12 Sanctity
24:40 Iron Casting
24:21 Chain Mail Armor
25:58 Heavy Plow
26:11 Bow Saw
27:20 Town Patrol
28:38 Devotion
29:51 Hand Cart
30:17 Herbal Medicine
39:07 Imperial Age
44:24 Redemption
44:15 Atonement
45:16 Gold Mining
45:19 Stone Mining
52:32 Imperial Age
50:19 Caravan
taiwan180
11:01 Feudal Age
11:13 Loom
14:07 Castle Age
12:23 Double-Bit Axe
12:21 Horse Collar
15:09 Bow Saw
21:28 Heavy Plow
22:32 Gold Mining
22:57 Stone Mining
25:10 Gold Shaft Mining
26:07 Wheelbarrow
25:24 Town Watch
26:38 Murder Holes
29:21 Imperial Age
26:55 Light Cavalry
27:35 Husbandry
27:46 Bloodlines
27:43 Scale Barding Armor
27:48 Forging
28:19 Hand Cart
29:19 Chain Barding Armor
29:11 Fortified Wall
30:15 Iron Casting
30:20 Double Crossbow
30:41 Conscription
29:44 Heavy Scorpion
30:36 Hussar
31:53 Plate Barding Armor
32:22 Chemistry
32:16 Siege Engineers
34:36 Blast Furnace
34:20 Crop Rotation
35:19 Fletching
37:26 Capped Ram
41:58 Hoardings
41:07 Siege Ram
41:48 Bodkin Arrow
42:29 Coinage
43:30 Bracer
43:30 Padded Archer Armor
43:31 Scale Mail Armor
43:33 Devotion
43:54 Sanctity
43:45 Redemption
43:45 Fervor
44:01 Illumination
43:31 Herbal Medicine
44:12 Theocracy
44:15 Stone Shaft Mining
45:30 Leather Archer Armor
45:38 Faith
45:30 Masonry
45:41 Ballistics
49:15 Chain Mail Armor
49:31 Ring Archer Armor
49:36 Banking
49:06 Caravan
49:09 Tusk Swords
50:35 Town Patrol
alterg27
12:17 Feudal Age
15:50 Forging
15:29 Double-Bit Axe
18:24 Castle Age
16:58 Horse Collar
17:31 Stone Mining
17:37 Gold Mining
20:36 Wheelbarrow
20:06 Scale Mail Armor
19:34 Man-at-Arms
21:44 Heavy Plow
22:01 Squires
24:39 Long Swordsman
24:48 Pikeman
26:26 Chain Mail Armor
32:11 Imperial Age
29:33 Loom
30:05 Hand Cart
29:37 Town Watch
31:39 Gold Shaft Mining
31:52 Town Patrol
33:26 Druzhina
32:53 Two-Handed Swordsman
34:25 Plate Mail Armor
34:40 Conscription
33:44 Capped Ram
35:03 Siege Ram
36:21 Halberdier
38:20 Iron Casting
37:48 Fletching
41:43 Crop Rotation
47:40 Bodkin Arrow
48:46 Blast Furnace
48:37 Champion
Connection lost

Rejoining the realm…

Still unreachable

The connection could not be restored.

Session expired

The server has moved on; the page needs a fresh start.